 Dungeon Crawl Stone Soup version 0.20.1-1-g8b1a95d (webtiles) character file.

152 letownia2 the Grave Robber (level 5, -1/42 HPs)
             Began as a Deep Dwarf Necromancer on Oct 31, 2017.
             Slain by a bullfrog skeleton (3 damage)
             ... on level 5 of the Dungeon.
             The game lasted 00:03:58 (1960 turns).

letownia2 the Grave Robber (Deep Dwarf Necromancer) Turns: 1960, Time: 00:03:59

Health: -1/42      AC:  9    Str: 11    XL:     5   Next: 11%
Magic:  18/18      EV:  9    Int: 17    God:
Gold:   107        SH:  0    Dex: 13    Spells: 6/10 levels left

rFire    + . .     SeeInvis .   a - +0 dagger
rCold    . . .     Gourm    .   (no shield)
rNeg     . . .     Faith    .   k - +0 scale mail
rPois    .         Spirit   .   (no helmet)
rElec    .         Reflect  .   (no cloak)
rCorr    .         Harm     .   (no gloves)
MR       .....                  v - +2 pair of boots
Stlth    +.........             (no amulet)
Regen    0.0/turn               d - ring of magical power
MPRegen  0.2/turn               s - ring of protection from fire

@: non-regenerating
A: damage resistance, heal wounds, sense surroundings 1, no regeneration
a: Heal Wounds


You were on level 5 of the Dungeon.
You were very hungry.

You visited 1 branch of the dungeon, and saw 5 of its levels.

You collected 107 gold pieces.

Inventory:

Hand Weapons
 a - a +0 dagger (weapon)
Armour
 g - a +0 robe
 k - a +0 scale mail (worn)
 v - a +2 pair of boots (worn)
Jewellery
 d - a ring of magical power (left hand)
 s - a ring of protection from fire (right hand)
Wands
 r - a wand of flame (35/48)
Scrolls
 h - a scroll of teleportation {unknown}
 i - 2 scrolls of fear {unknown}
 j - 2 scrolls of enchant armour {unknown}
 l - a scroll of immolation {unknown}
 n - a scroll of identify {unknown}
 q - a scroll of remove curse {unknown}
Potions
 e - 3 potions of might {unknown}
 f - a potion of degeneration {unknown}
 m - a potion of brilliance {unknown}
 o - a potion of curing {unknown}
 t - a potion of resistance {unknown}
Books
 b - a book of Necromancy

   Spells                             Type                      Level
   a - Pain                           Necromancy                   1
   b - Animate Skeleton               Necromancy                   1
   c - Vampiric Draining              Necromancy                   3
   d - Regeneration                   Charms/Necromancy            3
   e - Animate Dead                   Necromancy                   4
   f - Control Undead                 Necromancy                   4
Comestibles
 c - a bread ration
 p - a meat ration


   Skills:
 - Level 2.1 Dodging
 - Level 2.4 Stealth
 - Level 3.1 Spellcasting
 + Level 6.1 Necromancy


You had 6 spell levels left.
You knew the following spells:

 Your Spells              Type           Power        Failure   Level  Hunger
a - Pain                  Necr           ###.         9%          1    None
v - Vampiric Draining     Necr           ###.......   26%         3    ###....


Dungeon Overview and Level Annotations

Branches:
Dungeon (5/15)
 Temple: D:4-7

Altars:
Qazlal

Annotations:
D:4 exclusion: ogre
D:5 Pikel


Innate Abilities, Weirdness & Mutations

You are resistant to damage.
You can heal yourself by infusing magical energy.
You passively map a small area around you.
You do not regenerate.


Message History

The bullfrog skeleton is severely damaged.
The bullfrog skeleton hits you.
* * * LOW HITPOINT WARNING * * *
You hit the bullfrog skeleton.
The bullfrog skeleton is severely damaged.
The bullfrog skeleton barely misses you. x2
Your scale mail prevents you from hitting the bullfrog skeleton.
The bullfrog skeleton is severely damaged.
The bullfrog skeleton hits you.
* * * LOW HITPOINT WARNING * * *
You hit the bullfrog skeleton.
The bullfrog skeleton is almost destroyed.
The bullfrog skeleton closely misses you.
You hit the bullfrog skeleton but do no damage.
The bullfrog skeleton is almost destroyed.
The bullfrog skeleton hits you but does no damage.
You hit the bullfrog skeleton.
The bullfrog skeleton is almost destroyed.
The bullfrog skeleton hits you.
You die...

#.*###.# * #. #)... *,
,*#### #.*#.#.# , , , ..#
#.##.#.# * ,* * #.#
#......# , #.###.####
####..## ** * , #........#
##.#.# *#+ #.#######.##.#
##.###. ...#....Z@...##.#
#.## ## *
....###########.# ##.###.
* ...s. * ##.###.# ##.#..
, *
......####...##.######....
,
......+...............###.
..(...####...##.####.## ##
, .....#........#.# #.## #
, .... #.######.#.# #.#
... #.* #.#.# #.## #


You could see a bullfrog skeleton.

Vanquished Creatures
  A scorpion (D:5)
  A bullfrog skeleton (D:5)
  A hound (D:4)
  A hound skeleton (D:5)
  A gnoll (D:5)
  An adder (D:4)
  4 hobgoblins
  A quokka (D:2)
  A ball python (D:3)
  A frilled lizard (D:3)
  4 kobolds
  4 rats
21 creatures vanquished.

Notes
Turn   | Place    | Note
-------+----------+-------------------------------------------
     0 | D:1      | letownia2 the Deep Dwarf Necromancer began the quest for the Orb.
     0 | D:1      | Reached XP level 1. HP: 15/15 MP: 3/3
   340 | D:2      | Reached XP level 2. HP: 22/22 MP: 3/5
   592 | D:4      | Found a stormy altar of Qazlal.
   653 | D:4      | Noticed an ogre
   767 | D:4      | Reached skill level 5 in Necromancy
   767 | D:4      | Reached XP level 3. HP: 14/28 MP: 7/7
   787 | D:4      | Learned a level 3 spell: Vampiric Draining
  1354 | D:5      | Entered Level 5 of the Dungeon
  1477 | D:5      | Noticed a scorpion
  1511 | D:5      | Killed a scorpion
  1511 | D:5      | Reached XP level 4. HP: 20/36 MP: 4/8
  1712 | D:5      | Noticed a slave
  1714 | D:5      | Noticed Pikel
  1946 | D:5      | Reached skill level 6 in Necromancy
  1946 | D:5      | Reached XP level 5. HP: 7/42 MP: 9/9
  1957 | D:5      | HP: 2/42 [bullfrog skeleton (2)]
  1960 | D:5      | Slain by a bullfrog skeleton

Skill      XL: |  1  2  3  4 |
---------------+-------------+-----
Spellcasting   | 2 3 |  3.1
Necromancy     | 5 6 |  6.1
Dodging        | |  2.1
Stealth        | |  2.4

Action                   |  1- 3 |  4- 6 || total
-------------------------+-------+-------++-------
Melee: Dagger            |    12 |    50 ||    62
 Cast: Pain              |    27 |       ||    27
       Vampiric Draining |     3 |     3 ||     6
  Eat: Royal jelly       |     1 |       ||     1
       Chunk             |       |     1 ||     1
Armor: Robe              |     4 |       ||     4
       Scale mail        |       |    25 ||    25
Dodge: Dodged            |    10 |    24 ||    34
